 Dungeon Crawl Stone Soup version 0.13.0-21-ge43020b (webtiles) character file.

498 HungrySpirit the Chopper (level 6, -18/38 HPs)
             Began as a Gargoyle Gladiator on Oct 26, 2013.
             Demolished by an orc warrior
             ... wielding a -1,+1 orcish trident
              (20 damage)
             ... on Level 4 of the Dungeon.
             The game lasted 00:03:52 (2446 turns).

HungrySpirit the Chopper (Gargoyle Gladiator)       Turns: 2446, Time: 00:03:53

HP -18/38        AC 11     Str 20      XL: 6   Next: 34%
MP   5/5         EV 10     Int  9      God:
Gold 202         SH  0     Dex 10      Spells:  0 memorised,  5 levels left

Res.Fire  : . . .   See Invis. : .   v - +1,+2 dwarf hand axe (distort)
Res.Cold  : . . .   Warding    : .   i - +0 ring mail
Life Prot.: + . .   Conserve   : .   (no shield)
Res.Poison: +       Res.Corr.  : .   c - +0 helmet
Res.Elec. : +       Clarity    : .   (no cloak)
Sust.Abil.: . .     Spirit.Shd : .   g - +0 pair of gauntlets
Res.Mut.  : .       Stasis     : .   (no boots)
Res.Rott. : +       Flight     : .   (no amulet)
Saprovore : . . .                    (no ring)
                                     (no ring)

@: slightly resistant to hostile enchantments, extremely unstealthy
A: fangs 1, talons 2, life protection 1, electricity resistance, slow metabolism
1, unbreathing, petrification resistance, AC +4
a: no special abilities


You were on level 4 of the Dungeon.
You were not hungry.

You visited 1 branch of the dungeon, and saw 4 of its levels.

You collected 182 gold pieces.

Inventory:

Hand weapons
 a - a +0,+0 hand axe {=f}
 v - a +1,+2 dwarven hand axe of distortion (weapon)
Missiles
 d - 3 throwing nets (quivered)
Armour
 c - a +0 helmet (worn)
 g - a +0 pair of gauntlets (worn)
 i - a +0 ring mail (worn)
Comestibles
 f - 3 bread rations
Scrolls
 b - a scroll of curse jewellery {unknown}
 e - 2 scrolls of noise {unknown}
 j - 3 scrolls of remove curse {unknown}
 n - a scroll of fog {unknown}
 o - a scroll of teleportation {unknown}
 q - a scroll of enchant armour {unknown}
 r - a scroll of enchant weapon II {unknown}
 s - a scroll of blinking {unknown}
 t - a scroll of identify {unknown}
 u - a scroll of magic mapping {unknown}
Potions
 k - a potion of resistance {unknown}
 l - a potion of restore abilities {unknown}
 p - a potion of magic {unknown}
 w - a potion of poison {unknown}
 x - a potion of heal wounds {unknown}
Books
 m - a book of Power

   Spells                             Type                      Level
   Iskenderun's Mystic Blast          Conjuration                  4
   Venom Bolt                         Conjuration/Poison           5
   Bolt of Magma                      Conjuration/Fire/Earth       5
   Fulminant Prism                    Conjuration/Hexes            5
   Iron Shot                          Conjuration/Earth            6
   Orb of Destruction                 Conjuration                  7


   Skills:
 + Level 4.5 Fighting
 * Level 5.3 Axes
 - Level 2.0 Throwing
 - Level 2.4 Dodging


You had 5 spell levels left.
You didn't know any spells.

Dungeon Overview and Level Annotations

Branches:
Dungeon (4/27)
 Temple: D:4-7

Altars:
Xom
Yredelemnul


Innate Abilities, Weirdness & Mutations

You are resistant to torment.
You are immune to poison.
Your stone body is very resilient (AC +4).
You have very sharp teeth.
You have razor-sharp toenails.
You resist negative energy.
You are resistant to electric shocks.
You have a slow metabolism.
You can survive without breathing.
You are immune to petrification.


Message History

* * * LOW HITPOINT WARNING * * *
The orc wizard barely misses you.
You hit the orc warrior but do no damage.
The orc warrior looks slightly unstable.
The orc warrior is moderately wounded.
The orc warrior hits you with an orcish trident.
* * * LOW HITPOINT WARNING * * *
Unknown command.
You hit the orc warrior.
The orc warrior seems more stable.
You claw the orc warrior.
The orc warrior is moderately wounded.
The orc wizard closely misses you.
The orc warrior hits you but does no damage.
Unknown command.
You completely miss the orc warrior.
The orc warrior is moderately wounded.
The orc wizard hits you but does no damage.
The orc warrior hits you with an orcish trident!
Ouch! That really hurt!
You die...

#.....# #...... #.....#
#...... #.....# #......
#####.....########......
.........%.............>
.........................
..........o..............
...%.....%...............
........@)...............
######..o..########......
#.....# #...... #.....#
#<..... #.....# #......
#.....# #...... #.....#
#...... #.....# #......
... #......


You could see an orc warrior and an orc wizard.

Vanquished Creatures
  A hound (D:4)
  A gnoll shaman (D:4)
  2 worker ants (D:4)
  7 adders
  3 gnolls (D:4)
  3 worms
  A giant eyeball (D:4)
  3 giant geckos
  2 oozes
  4 orcs
  2 ball pythons
  6 bats
  2 giant cockroaches
  5 goblins
  9 hobgoblins
  4 jackals (D:3)
  7 kobolds
  2 giant newts
  A giant newt skeleton (D:4)
  5 rats
  A rat skeleton (D:4)
71 creatures vanquished.

Notes
Turn   | Place    | Note
--------------------------------------------------------------
     0 | D:1      | HungrySpirit, the Gargoyle Gladiator, began the quest for the Orb.
     0 | D:1      | Reached XP level 1. HP: 13/13 MP: 0/0
   302 | D:1      | Reached skill level 3 in Axes
   332 | D:1      | Reached XP level 2. HP: 16/18 MP: 1/1
   741 | D:1      | Reached XP level 3. HP: 21/23 MP: 2/2
   992 | D:2      | Found a shimmering altar of Xom.
  1151 | D:2      | Reached XP level 4. HP: 24/28 MP: 3/3
  1731 | D:3      | Found a basalt altar of Yredelemnul.
  1732 | D:3      | Reached skill level 4 in Axes
  2229 | D:4      | Reached XP level 5. HP: 29/32 MP: 4/4
  2306 | D:4      | Paralysed by a giant eyeball for 3 turns
  2357 | D:4      | Reached skill level 5 in Axes
  2357 | D:4      | Reached XP level 6. HP: 30/38 MP: 5/5
  2427 | D:4      | Noticed an orc warrior
  2438 | D:4      | HP: 1/38 [orc warrior/orcish trident (5)]
  2444 | D:4      | HP: 1/38 [orc warrior/orcish trident (3)]
  2446 | D:4      | Demolished by an orc warrior

Action                   |  1- 3 |  4- 6 || total
-------------------------+-------+-------++-------
Melee: Hand axe          |    79 |   136 ||   215
  Use: Potion            |       |     3 ||     3
